Map: Nightshade LE

Players

XIX

  • Race: Terran Terran
  • League: Master
  • Spawn Location: 11:00

BerryRAWR - Winner!

  • Race: Terran Terran
  • League: Grandmaster
  • Spawn Location: 5:00

VOD

Have the link to the VOD?

Description

Time

  • Played on: March 31, 2020, 11:49 p.m.
  • Length: 12:26
Show
View Real Time Build Order
Export as new Build Order

XIX Terran 

Build Orders: Gas First Reaper Expand 

Get SALT Encoding   

  12  0:00  SCV  
  13  0:13  SCV  
  14  0:17  Supply Depot  
  14  0:25  SCV  
  14  0:28  Refinery  
  15  0:39  SCV  
  16  0:45  Barracks  
  16  0:51  SCV  
  17  1:03  SCV  
  18  1:15  SCV  
  19  1:32  Reaper, Orbital Command  
  20  1:47  Command Center  
  20  1:58  SCV  
  21  2:01  Factory  
  21  2:07  Barracks Reactor  
  21  2:10  SCV  
  21  2:12  Refinery  
  22  2:21  Supply Depot  
  22  2:22  SCV  
  23  2:42  SCV  
  24  2:45  Marine, Factory Tech Lab  
  24  2:49  Marine  
  26  2:52  Bunker, Starport  
  26  2:55  SCV  
  27  3:03  Marine  
  27  3:05  Orbital Command  
  28  3:07  Marine  
  29  3:14  Cyclone  
  32  3:24  Mag-Field Accelerator  
  32  3:28  SCV  
  32  3:30  Marine x2  
  32  3:33  SCV  
  36  3:37  Viking  
  38  3:42  Refinery  
  38  3:44  SCV  
  38  3:46  SCV  
  40  3:56  SCV, Supply Depot  
  40  3:58  SCV  
  40  3:59  Cyclone  
  45  4:08  SCV  
  46  4:17  SCV  
  47  4:27  SCV  
  47  4:32  SCV, Command Center  
  48  4:39  SCV  
  48  4:40  Cyclone  
  48  4:44  SCV  
  53  4:46  Supply Depot  
  53  4:51  SCV  
  54  4:53  Starport Tech Lab  
  54  4:55  Barracks  
  54  4:56  SCV  
  55  5:03  SCV  
  55  5:05  Marine x2  
  58  5:07  Supply Depot  
  58  5:08  SCV  
  59  5:17  SCV  
  59  5:20  SCV  
  61  5:28  Barracks  
  61  5:29  SCV  
  61  5:32  SCV  
  54  5:41  SCV  
  49  5:43  Marine x2, Siege Tank  
  49  5:44  SCV  
  49  5:48  SCV  
  53  5:51  Engineering Bay  
  53  5:53  SCV, Starport Reactor, Engineering Bay  
  53  5:54  Stimpack  
  53  5:57  SCV  
  55  6:02  Orbital Command  
  55  6:03  Marine x2  
  57  6:04  Marine  
  58  6:14  SCV x2  
  58  6:15  Refinery, Siege Tank  
  58  6:17  Barracks Reactor  
  63  6:20  Barracks  
  63  6:24  Terran Infantry Armor Level 1  
  63  6:26  Barracks  
  63  6:27  Terran Infantry Weapons Level 1  
  63  6:28  Orbital Command  
  63  6:33  Marine x3  
  63  6:36  Medivac x2  
  70  6:42  SCV x2  
  72  6:49  Siege Tank  
  72  6:51  Marine x3  
  78  6:54  SCV  
  78  7:00  SCV x2  
  81  7:06  SCV  
  82  7:08  Missile Turret, Marine  
  82  7:09  Barracks Reactor, Marine x4  
  82  7:12  Missile Turret  
  82  7:14  Marine  
  88  7:16  Viking  
  88  7:19  SCV x2  
  93  7:26  Marine  
  93  7:28  Supply Depot  
  93  7:29  Supply Depot  
  93  7:48  Armory  
  93  7:50  Viking x2, SCV, Marine x4  
  102  7:54  Refinery, Factory, Marine x3  
  102  7:55  Refinery, Marine  
  106  8:02  Combat Shield  
  105  8:07  Marine, Siege Tank  
  105  8:11  Supply Depot x3  
  109  8:14  Supply Depot  
  109  8:15  Marine x3  
  109  8:16  SCV x2  
  109  8:19  SCV  
  116  8:21  Marine  
  117  8:30  SCV, Barracks Reactor  
  117  8:32  Medivac x2, Marine  
  122  8:35  Barracks  
  122  8:36  Barracks  
  122  8:39  Terran Infantry Armor Level 2, Terran Infantry Weapons Level 2  
  122  8:40  Missile Turret  
  122  8:46  Factory Tech Lab  
  122  8:47  SCV x3  
  125  8:51  Terran Vehicle Weapons Level 1  
  125  8:52  Marine  
  125  8:54  Command Center  
  126  8:57  Marine x2  
  126  8:59  SCV  
  128  9:05  Marine x4  
  128  9:06  Viking  
  134  9:17  Marine  
  134  9:18  Marine  
  134  9:24  Marine x3, Siege Tank  
  137  9:28  Siege Tank  
  145  9:39  Marine  
  145  9:40  Marine x3  
  145  9:44  Viking x2, Supply Depot, Marine x4, Barracks Reactor  
  145  9:45  Barracks Reactor, Supply Depot  
  147  10:03  Marine x9  
  107  10:19  Siege Tank  
  107  10:20  Marine  
  107  10:21  Marine x8  
  100  10:22  Marine  
  100  10:27  Marine  
  110  10:32  Marine x2  
  110  10:35  Siege Tank  
  115  10:38  Marine  
  115  10:39  Marine x8  
  116  10:52  Marine x4  
  105  11:02  Marine x4, Siege Tank  
  105  11:04  Liberator x2  
  110  11:11  SCV x2  
  96  11:23  Siege Tank  
  89  11:35  Marine x4, Siege Tank  
  89  11:38  Marine x4  
  91  11:42  Marine x3  
  75  12:09  SCV x3  
Show
View Real Time Build Order
Export as new Build Order

BerryRAWR Terran - Winner!

Build Orders:  

Get SALT Encoding   

  12  0:01  SCV  
  13  0:13  SCV  
  14  0:17  Supply Depot  
  14  0:25  SCV  
  15  0:29  Refinery  
  15  0:38  SCV  
  16  0:45  Barracks  
  16  0:50  SCV  
  16  0:56  Refinery  
  17  1:04  SCV  
  18  1:16  SCV  
  19  1:31  Reaper, Orbital Command  
  20  1:39  Factory  
  20  1:47  Supply Depot  
  20  1:58  SCV  
  21  2:04  Barracks Reactor  
  21  2:11  SCV  
  22  2:23  SCV  
  22  2:24  Hellion  
  25  2:35  Command Center  
  25  2:37  SCV  
  25  2:40  Reaper x2  
  28  2:45  Hellion  
  28  2:47  Supply Depot  
  28  2:49  SCV  
  31  2:58  Starport  
  31  3:09  SCV, Hellion  
  31  3:12  Reaper x2  
  36  3:21  SCV  
  37  3:33  SCV, Factory Tech Lab  
  38  3:44  Marine  
  38  3:46  Viking, SCV, Marine  
  43  3:49  Refinery  
  43  3:51  Orbital Command  
  43  3:56  Cyclone  
  43  3:58  SCV  
  43  4:02  Marine  
  48  4:04  Marine  
  48  4:11  SCV  
  43  4:20  Marine  
  43  4:22  Marine  
  45  4:27  SCV x2  
  43  4:39  SCV x2, Factory Tech Lab  
  45  4:46  Supply Depot  
  45  4:48  Raven  
  45  4:51  SCV  
  45  4:52  Marine x2  
  49  4:55  SCV  
  49  4:58  Siege Tank  
  53  5:02  Supply Depot  
  53  5:03  SCV  
  54  5:08  SCV  
  55  5:15  SCV, Marine x2, Barracks  
  55  5:16  Barracks  
  55  5:20  SCV  
  56  5:27  SCV  
  52  5:30  Siege Tank  
  52  5:32  SCV  
  43  5:39  SCV  
  43  5:42  Marine  
  41  5:44  SCV  
  43  5:50  Reaper  
  43  5:52  SCV, Raven  
  43  5:56  SCV  
  48  6:04  SCV  
  49  6:06  Siege Tank  
  49  6:07  Barracks  
  49  6:08  SCV  
  49  6:09  Barracks Reactor x2  
  53  6:12  Barracks  
  53  6:16  SCV  
  53  6:17  Marine  
  55  6:20  SCV  
  55  6:22  Supply Depot, Marine  
  57  6:28  SCV  
  59  6:32  SCV  
  59  6:37  Supply Depot  
  63  6:40  SCV  
  63  6:45  SCV  
  61  6:47  Marine x4  
  61  6:52  SCV  
  66  6:55  Barracks Tech Lab  
  66  6:56  Stimpack  
  66  6:57  SCV, Marine  
  66  6:59  Barracks Reactor  
  68  7:02  Engineering Bay x2  
  68  7:04  SCV  
  68  7:05  Refinery  
  69  7:09  SCV  
  69  7:12  Marine x4  
  69  7:14  Siege Tank  
  69  7:15  Marine  
  78  7:23  Supply Depot  
  78  7:24  Supply Depot  
  78  7:30  Terran Infantry Weapons Level 1, Marine x2, Terran Infantry Armor Level 1  
  78  7:31  Marine  
  78  7:32  Marine  
  78  7:34  Marine  
  83  7:39  Combat Shield, Marine  
  83  7:41  Marine  
  83  7:43  Marine  
  85  7:48  Marine, Siege Tank  
  89  7:51  Marine  
  89  7:52  Marine  
  89  7:53  Marine  
  92  8:00  Supply Depot  
  92  8:02  Marine x3  
  92  8:03  Marine  
  92  8:04  Medivac  
  98  8:10  Marine x3  
  98  8:11  Marine  
  102  8:17  Supply Depot  
  102  8:22  Medivac  
  102  8:24  Marine  
  105  8:28  Siege Tank  
  105  8:29  Marine  
  105  8:30  Marine  
  110  8:34  Medivac  
  110  8:35  Marine x2  
  110  8:39  Supply Depot, Marine  
  114  8:45  Marine  
  114  8:46  Marine x2  
  117  8:50  Supply Depot  
  117  8:51  Medivac  
  117  8:54  Marine x3  
  122  9:00  Supply Depot, Siege Tank  
  125  9:04  Marine x3  
  125  9:05  Marine  
  129  9:22  Medivac x2  
  133  9:30  Marine x2  
  135  9:32  Marine  
  135  9:33  Marine x2  
  135  9:36  Marine  
  139  9:46  Siege Tank  
  139  9:49  Marine  
  139  9:52  Medivac  
  134  10:06  Marine x2  
  98  10:14  Marine x2  
  98  10:16  Marine  
  98  10:17  Marine x2  
  95  10:22  Marine  
  95  10:24  Marine x2  
  98  10:32  Marine x2, Siege Tank  
  98  10:33  Marine  
  98  10:34  Medivac x2  
  98  10:35  Marine x2  
  110  10:40  Marine  
  96  10:54  Marine x4  
  96  10:56  Marine x2  
  102  11:00  Marine x2  
  102  11:04  Siege Tank  
  102  11:12  Marine x4  
  102  11:14  Marine x2  
  102  11:17  Marine  
  100  11:19  Marine  
  99  11:29  Marine  
  99  11:30  Marine x3, Liberator x2  
  99  11:31  Marine x2  
  108  11:35  Marine  
  108  11:37  Marine  
  109  11:41  Siege Tank  
  112  11:47  Marine x3  
  112  11:48  Marine  
  112  11:50  Marine  
  116  12:03  Marine x2  
  116  12:04  Marine  
  116  12:07  Marine x3  
Tags
 
Add a new tag
Caveats
  • Supply blocks, unpowered buildings, or Contaminate may cause inaccurate times.
  • Supply counts are checked every 10 seconds.